 Dungeon Crawl Stone Soup version 0.30-a0-1103-g25895a7845 (webtiles) character file.

Game seed: 8292212320782009037

15196 voltaire321 the Covert (level 12, 0/84 HPs)
             Began as an Octopode Brigand on Apr 18, 2023.
             Was a Priest of Nemelex Xobeh.
             Slain by a yak (15 damage)
             ... on level 1 of the Lair of Beasts.
             The game lasted 00:31:16 (11875 turns).

voltaire321 the Covert (Octopode Brigand)          Turns: 11875, Time: 00:31:16

Health: 0/84       AC:  1    Str: 11    XL:     12   Next: 24%
Magic:  18/18      EV: 24    Int: 14    God:    Nemelex Xobeh [***...]
Gold:   426        SH:  0    Dex: 23    Spells: 14/20 levels left

rFire   + . .      SeeInvis .    o - +8 rapier (venom)
rCold   . . .      Faith    .    (no shield)
rNeg    . . .      Spirit   .    (helmet restricted)
rPois   .          Reflect  .    m - amulet of the acrobat
rElec   .          Rampage  .    h - +6 ring of dexterity
rCorr   .                        D - +5 ring of evasion
Will    .....                    K - ring of protection from fire
Stlth   +++++++                  (no ring)
HPRegen 0.34/turn                (no ring)
MPRegen 0.16/turn                (no ring)
                                 (no ring)
                                 (no ring)

@: no status effects
A: almost no armour, amphibious, 8 rings, camouflage 1, gelatinous body 1,
(nimble swimmer 1), tentacles
a: Renounce Religion, Draw Escape, Draw Destruction, Draw Summoning, Triple Draw


You were on level 1 of the Lair of Beasts.
You worshipped Nemelex Xobeh.
Nemelex Xobeh was most pleased with you.
You visited 3 branches of the dungeon, and saw 13 of its levels.

You collected 506 gold pieces.
You spent 80 gold pieces at shops.

Inventory:

Hand Weapons
 a - a +2 dagger
 o - a +8 rapier of venom (weapon)
Missiles
 b - 18 poisoned darts
 c - a curare-tipped dart (quivered)
 d - 2 throwing nets
 p - 3 silver boomerangs
 G - 2 atropa-tipped darts
Jewellery
 h - a +6 ring of dexterity (left tentacle)
 m - an amulet of the acrobat (around mantle)
 D - a +5 ring of evasion (right tentacle)
 K - a ring of protection from fire (on tentacle)
Wands
 k - a wand of light (5)
 n - a wand of charming (3)
 w - a wand of roots (14)
 A - a wand of flame (58)
Scrolls
 g - a scroll of amnesia
 l - 7 scrolls of identify
 q - 2 scrolls of enchant armour
 r - 2 scrolls of silence
 t - 4 scrolls of teleportation
 v - a scroll of butterflies
 y - 3 scrolls of fear
Potions
 e - 3 potions of curing
 f - 2 potions of magic
 i - 2 potions of flight
 j - 4 potions of haste
 s - 3 potions of berserk rage
 u - 2 potions of brilliance
 x - a potion of ambrosia
 B - 3 potions of mutation
 C - a potion of invisibility
 E - a potion of resistance {unknown}
 I - 3 potions of lignification
 J - a potion of might


   Skills:
 + Level 8.5 Fighting
 + Level 8.4 Short Blades
 - Level 6.0 Throwing
 + Level 8.2 Dodging
 + Level 12.7 Stealth
 + Level 4.6 Spellcasting
 + Level 5.1 Summonings
 + Level 6.1 Invocations


You had 14 spell levels left.
You knew the following spells:

 Your Spells              Type           Power      Damage    Failure   Level
a - Summon Cactus Giant   Summ           8%         N/A       97%         6

Your spell library contained the following spells:

 Spells                   Type           Power      Damage    Failure   Level
 Apportation              Tloc           6%         N/A       19%         1
 Necrotise                Necr           12%        1d4       19%         1
 Scorch                   Fire           6%         2d5       28%         2
 Vampiric Draining        Necr           3%         2d6       50%         3
 Flame Wave               Conj/Fire      3%         2d5       88%         4
 Agony                    Necr           3%         N/A       99%         5
 Alistair's Intoxication  Tmut/Pois      2%         N/A       99%         5
 Blade Hands              Tmut           1%         N/A       99%         5
 Irradiate                Conj/Tmut      1%         3d12      99%         5
 Dragon Form              Tmut           1%         N/A       100%        7


Dungeon Overview and Level Annotations

Branches:
Dungeon (11/15)            Temple (1/1) D:7            Lair (1/5) D:11
    Orc: D:9-12

Altars:
Ashenzari
Cheibriados
Dithmenos
Elyvilon
Fedhas
Gozag
Hepliaklqana
Kikubaaqudgha
Makhleb
Nemelex Xobeh
Okawaru
Qazlal
Ru
Sif Muna
Trog
Uskayaw
Vehumet
Wu Jian
Xom
Yredelemnul
Zin
The Shining One

Shops:
D:2 (   D:5 !

Annotations:
D:9 2 transporters


Innate Abilities, Weirdness & Mutations

You cannot wear most types of armour.
You are amphibious.
You can wear up to eight rings at the same time.
Your skin changes colour to match your surroundings (Stealth+).
Your rubbery body absorbs attacks. (AC +1, EV +1)
((You are camouflaged when in or above water. (Stealth+)))
You have tentacles for arms and can constrict up to eight enemies at once.


Message History

Throw: 3 boomerangs (silver)
Press: ? - help, Q - select action, (/) - cycle Shift-Dir - straight line, f - yak
Aim: a yak (translocational energy, 78% to hit)
You throw a silver boomerang. The silver boomerang hits the yak!
The yak is heavily wounded.
Throw: 3 boomerangs (silver)
Press: ? - help, Q - select action, (/) - cycle Shift-Dir - straight line, f/p - yak
Aim: a yak (heavily wounded, 78% to hit)
You throw a silver boomerang. The silver boomerang hits the yak!
The yak is severely wounded.
Aiming: Fastroot
Press: ? - help, Shift-Dir - straight line, f - yak, p - yak
Aim: a yak (severely wounded, extremely poisoned)
The roots erupt in riotous growth!
Roots grab the yak. x2
The grasping roots constrict the yak. x2
The yak struggles to escape constriction. x2
The grasping roots constrict the yak.
You kill the yak!
The grasping roots constrict the yak.
You kill the yak!
Found a potion of curing.
Throw: 2 darts (curare)
Press: ? - help, Q - select action, (/) - cycle Shift-Dir - straight line, f - yak
Aim: a yak (78% to hit)
You throw a curare-tipped dart.
The curare-tipped dart closely misses the yak.
The yak attacks as you move away! The yak gores you.
* * * LOW HITPOINT WARNING * * *
You hit the yak.
The yak is poisoned.
The yak is lightly wounded.
You puncture the yak!
The yak looks as sick as possible!
Your squeeze misses the yak.
The yak is moderately wounded.
The yak completely misses you.
You puncture the yak!
The yak is severely wounded.
The yak gores you!
You die...
Your body glows with a rainbow of weird colours and disappears.

...##..Y..†.............
......#.†..##(..........
.........#####..........
..........# #...........
...........##...........
.........####...........
.......### ##...........
...#... #...YY.......
####..# ##...@....... #
#............
##..........!
##.......... ....
#..##....... ..... #.)#
###.... ).... #..###
#### ... ##.#.P# #..
##.....###


You could see 2 yaks.

Vanquished Creatures
  A two-headed ogre (D:10)
  A satyr (D:11)
  A wizard (D:9)
  An ugly thing (D:11)
  A cyclops (D:11)
  A manticore (D:11)
  3 elephants (Lair:1)
  Joseph (D:8)
  A kobold demonologist (D:10)
  2 komodo dragons (D:11)
  An unseen horror (D:11)
  A troll (D:11)
  Sigmund (D:6)
  A shadow (D:11)
  2 wyverns
  A wraith (D:11)
  15 yaks (Lair:1)
  A vampire (D:11)
  Eustachio (D:4)
  3 steam dragons
  Edmund (D:6)
  2 acid dragons (D:8)
  4 water moccasins
  6 ice beasts
  3 orc warriors (D:11)
  2 sky beasts
  3 black bears
  2 ogres (D:7)
  5 wolves (Lair:1)
  3 phantoms
  4 centaurs
  3 kobold brigands
  7 bullfrogs
  3 scorpions
  21 wights
  5 killer bees (D:7)
  3 howler monkeys
  An electric eel (D:11)
  A gnoll bouda (D:4)
  3 hounds
  5 orc priests
  A sleepcap (D:8)
  6 iguanas
  6 orc wizards
  10 gnolls
  6 adders
  A shadow imp (D:8)
  3 white imps
  2 worms
  3 dart slugs
  14 orcs
  5 ball pythons
  5 endoplasms
  2 giant cockroaches
  8 goblins
  10 hobgoblins
  2 jackals (D:4)
  11 kobolds
  4 quokkas
  5 bats
  2 rats
233 creatures vanquished.

Vanquished Creatures (others)
  An unseen horror (D:11)
  21 fungi (D:11)
  15 plants
37 creatures vanquished.

Grand Total: 270 creatures vanquished

Notes
Turn   | Place    | Note
-------+----------+-------------------------------------------
     0 | D:1      | voltaire321 the Octopode Brigand began the quest for the
                  | Orb.
     0 | D:1      | Reached XP level 1. HP: 14/14 MP: 1/1
   111 | D:1      | Reached XP level 2. HP: 19/19 MP: 2/2
   354 | D:1      | Reached XP level 3. HP: 24/24 MP: 3/3
   782 | D:2      | Found Doletuf's Weapon Emporium.
   957 | D:2      | Found a faded altar of an unknown god.
  1632 | D:3      | Reached XP level 4. HP: 30/30 MP: 4/4
  1645 | D:3      | HP: 1/30 [gnoll/+0 flail (8)]
  1938 | D:3      | Identified the amulet "Mirph" {RegenMP -Tele Fly Int+3
                  | Dex+5}
  1945 | D:3      | Reached skill level 6 in Stealth
  2139 | D:4      | Reached XP level 5. HP: 24/36 MP: 5/5
  2785 | D:4      | Reached XP level 6. HP: 36/42 MP: 6/6
  2898 | D:4      | Noticed Eustachio
  2916 | D:4      | Killed Eustachio
  3127 | D:5      | Entered Level 5 of the Dungeon
  3152 | D:5      | Reached XP level 7. HP: 47/47 MP: 7/7
  3177 | D:5      | Reached skill level 7 in Stealth
  3286 | D:5      | Found Wuudem's Distillery.
  3294 | D:5      | Bought a potion of curing for 30 gold pieces
  3294 | D:5      | Bought a potion of heal wounds for 50 gold pieces
  3593 | D:5      | Found a shimmering altar of Xom.
  3593 | D:5      | Found a broken altar of Ashenzari.
  3594 | D:5      | Found a hide-covered altar of Uskayaw.
  3596 | D:5      | Found a shadowy altar of Dithmenos.
  3598 | D:5      | Found a white marble altar of Elyvilon.
  3854 | D:6      | Reached XP level 8. HP: 54/54 MP: 8/8
  4011 | D:6      | Noticed Edmund
  4021 | D:6      | Killed Edmund
  4022 | D:6      | Reached skill level 8 in Stealth
  4430 | D:6      | Reached skill level 5 in Fighting
  4430 | D:6      | Reached skill level 5 in Short Blades
  4430 | D:6      | Reached skill level 5 in Throwing
  4467 | D:6      | Noticed Sigmund
  4469 | D:6      | Killed Sigmund
  4537 | D:7      | Reached skill level 5 in Dodging
  4537 | D:7      | Reached XP level 9. HP: 61/61 MP: 9/9
  4574 | D:7      | Reached skill level 9 in Stealth
  5016 | D:7      | Found a staircase to the Ecumenical Temple.
  5031 | Temple   | Entered the Ecumenical Temple
  5079 | Temple   | Became a worshipper of Nemelex Xobeh the Trickster
  5309 | D:8      | Reached skill level 10 in Stealth
  5316 | D:8      | Reached skill level 1 in Invocations
  5605 | D:8      | Reached XP level 10. HP: 69/69 MP: 11/11
  5760 | D:8      | Learned a level 6 spell: Summon Cactus Giant
  6124 | D:8      | Reached skill level 1 in Spellcasting
  6124 | D:8      | Reached skill level 1 in Summonings
  6415 | D:8      | Noticed Joseph
  6425 | D:8      | Killed Joseph
  6553 | D:8      | Identified the +4 ring mail "Fetot" {Int+2}
  7006 | D:9      | Reached * piety under Nemelex Xobeh
  7006 | D:9      | Received a gift from Nemelex Xobeh
  7308 | D:9      | Found a transporter.
  7391 | D:9      | Found a transporter.
  7419 | D:9      | Reached skill level 11 in Stealth
  7466 | D:9      | Found a transporter.
  7654 | D:9      | Found a transporter.
  8040 | D:9      | Noticed a wizard
  8048 | D:9      | Killed a wizard
  8221 | D:10     | Entered Level 10 of the Dungeon
  8222 | D:10     | Reached ** piety under Nemelex Xobeh
  8299 | D:10     | Noticed a kobold demonologist
  8313 | D:10     | Killed a kobold demonologist
  8314 | D:10     | Reached XP level 11. HP: 73/75 MP: 13/15
  8662 | D:10     | Noticed a two-headed ogre
  8676 | D:10     | Killed a two-headed ogre
  8789 | D:10     | Found a basalt altar of Yredelemnul.
  8790 | D:10     | Found a bloodstained altar of Trog.
  8791 | D:10     | Found a stormy altar of Qazlal.
  9338 | D:11     | Noticed a manticore
  9473 | D:11     | Killed a manticore
  9976 | D:11     | Noticed a green ugly thing
 10128 | D:11     | Killed a green ugly thing
 10215 | D:11     | Found a staircase to the Lair.
 10234 | D:11     | Reached skill level 12 in Stealth
 10234 | D:11     | Reached skill level 5 in Invocations
 10264 | D:11     | Received a gift from Nemelex Xobeh
 10352 | D:11     | Reached *** piety under Nemelex Xobeh
 10359 | D:11     | Noticed a cyclops
 10366 | D:11     | Killed a cyclops
 10406 | D:11     | Noticed a boulder beetle
 10413 | D:11     | a boulder beetle changed into a satyr
 10413 | D:11     | Noticed a satyr
 10417 | D:11     | Killed a satyr
 10725 | Lair:1   | Entered Level 1 of the Lair of Beasts
 11324 | Lair:1   | Reached XP level 12. HP: 83/83 MP: 18/18
 11587 | Lair:1   | Reached skill level 5 in Summonings
 11875 | Lair:1   | Slain by a yak

Illustrated notes

Levels and vault maps discovered:
D:1:      dpeg_arrival_water_temple_mockup, layout_basic
D:2:      layout_basic, hellmonk_ecumenical_altar_inner_sanctum, serial_shops,
          nicolae_shop_bloodbath_and_beyond, minivault_23, minmay_tromino_v4_b
D:3:      layout_rooms, dk_noncrumbling_4, minmay_misc_feat_iff
D:4:      layout_cave_pods, uniq_eustachio
D:5:      layout_loops_ring, minitemple, serial_shops, shop,
          chequers_serial_rivers_micro_c
D:6:      layout_gridville, uniq_edmund, uniq_sigmund
D:7:      layout_loops_ring, minmay_temple_entry_purple_smoke,
          kennysheep_small_square
D:8:      layout_loops_cross, kennysheep_kite_vault, uniq_joseph
D:9:      layout_stronghold, nicolae_transporter_intersection
D:10:     layout_small_grid, chequers_temple_overflow_statue_of_worship
D:11:     kennysheep_spiral_hall, layout_stronghold,
          grunt_lair_entry_orc_guard_hut, amcnicky_mini_pool_medium
Temple:   eino_temple_water
Lair:1:   layout_cave_pods, lemuel_fruit_fields

Skill      XL: |  1  2  3  4  5  6  7  8  9 10 11 12 |
---------------+-------------------------------------+-----
Dodging        | 2 3 5 6 7 8 |  8.2
Stealth        | 6 7 8 10 11 12 | 12.7
Fighting       | 3 4 5 6 7 8 |  8.5
Short Blades   | 3 4 5 6 7 8 |  8.4
Throwing       | 3 4 5 6 |  6.0
Invocations    | 1 4 5 6 |  6.1
Spellcasting   | 2 4 |  4.6
Summonings     | 3 4 5 |  5.1

Action                     |  1- 3 |  4- 6 |  7- 9 | 10-12 || total
---------------------------+-------+-------+-------+-------++-------
  Melee: Dagger            |    54 |    69 |       |       ||   123
         Constrict         |     9 |    21 |    24 |    47 ||   101
         Tentacles         |     5 |    18 |    39 |   111 ||   173
         Punch             |       |     1 |       |     7 ||     8
         Rapier            |       |     2 |   135 |   341 ||   478
  Throw: Dart              |       |     5 |     9 |    91 ||   105
         Boomerang         |       |       |       |    35 ||    35
 Invoke: Draw Destruction  |       |       |       |     5 ||     5
  Evoke: Wand              |       |       |       |     4 ||     4
    Use: Potion            |     7 |     1 |     3 |     2 ||    13
         Scroll            |       |       |       |    24 ||    24
   Stab: Sleeping          |    18 |     9 |    21 |     3 ||    51
         Distracted        |       |     1 |       |     2 ||     3
 Armour: Skin              |     1 |     2 |       |     9 ||    12
  Dodge: Dodged            |    27 |    48 |    94 |   321 ||   490

Table legend: (Time is in decaauts)
 A = Elapsed time spent in this place.
 B = Non-inter-level travel time spent in this place.
 C = Inter-level travel time spent in this place.
 D = Time resting spent in this place.
 E = Time spent auto-exploring this place.
 F = Levels seen in this place.
 G = Mean time per level.
                   A        B        C        D        E       F      G
               +--------+--------+--------+--------+--------+-----+--------+
         Total |  11770 |  11524 |    246 |   2653 |   6020 |  13 |  905.4 |
       Dungeon |  10578 |  10332 |    246 |   2133 |   5712 |  11 |  961.6 |
        Temple |     65 |     65 |      0 |      0 |      1 |   1 |   65.0 |
          Lair |   1126 |   1126 |      0 |    520 |    307 |   1 | 1126.0 |
               +--------+--------+--------+--------+--------+-----+--------+

Top non-repeatable levels by time:
    D:11: 1741 daAuts
     D:8: 1575 daAuts
     D:9: 1345 daAuts
  Lair:1: 1126 daAuts
     D:4: 1010 daAuts
     D:2: 807 daAuts
    D:10: 746 daAuts
     D:6: 720 daAuts
     D:7: 683 daAuts
     D:1: 660 daAuts
     D:5: 658 daAuts
     D:3: 630 daAuts
  Temple: 65 daAuts
